 Dungeon Crawl Stone Soup version 0.26-a0-1021-gda264ca44c (webtiles) character file.

Game seed: 18238714025824604113

153 sahdkjhfkaj the Skirmisher (level 5, -1/59 HPs)
             Began as an Ogre Berserker on Dec 8, 2020.
             Was a Follower of Trog.
             Slain by a wight
             ... wielding a cursed +4 flail
              (9 damage)
             ... on level 1 of the Abyss.
             The game lasted 00:01:15 (1505 turns).

sahdkjhfkaj the Skirmisher (Ogre Berserker)         Turns: 1505, Time: 00:01:15

Health: -1/59      AC:  2    Str: 22    XL:     5   Next: 35%
Magic:  5/5        EV: 10    Int:  8    God:    Trog [*.....]
Gold:   82         SH:  0    Dex:  8    Spells: 4/4 levels left

rFire    . . .     SeeInvis .   a - +0 hand axe
rCold    . . .     Faith    .   (no shield)
rNeg     . . .     Spirit   .   c - +0 animal skin
rPois    .         Reflect  .   (helmet restricted)
rElec    .         Harm     .   (no cloak)
rCorr    .         Rampage  .   (gloves unavailable)
Will     .....                  (boots unavailable)
Stlth    +.........             (no amulet)
HPRegen  0.19/turn              (no ring)
MPRegen  0.09/turn              (no ring)

@: berserk cooldown, slowed, lightly drained, very slow
A: large, unfitting armour, deformed body, tough skin 1
a: Berserk, Renounce Religion


You were on level 1 of the Abyss.
You worshipped Trog.
Trog was aware of your devotion.
You visited 1 branch of the dungeon, and saw 1 of its levels.
You visited the Abyss 1 time.

You collected 82 gold pieces.

Inventory:

Hand Weapons
 a - a +0 hand axe (weapon)
 b - a +0 dagger of distortion
Armour
 c - a +0 animal skin (worn)
Scrolls
 f - a scroll of teleportation {unknown}
 g - a scroll of remove curse {unknown}
Potions
 d - a potion of might {unknown}
 e - a potion of heal wounds {unknown}


   Skills:
 + Level 6.1(5.8) Fighting
 + Level 4.6(4.3) Axes
 - Level 2.6(2.3) Dodging


You had 4 spell levels left.
You didn't know any spells.
Your spell library was empty.

Dungeon Overview and Level Annotations

Branches:
Dungeon (1/15)

Altars:


Innate Abilities, Weirdness & Mutations

You are too large for most types of armour.
You have tough skin. (AC +1)
Armour fits poorly on your strangely shaped body.


Message History

You are no longer berserk.
You are exhausted.
You feel yourself slow down.
The wight hits you with a cursed +4 flail.
You feel drained.
Your Fighting skill increases to level 6!
You have reached level 5!
You hit the wight but do no damage.
The wight is almost destroyed.
The wight hits you with a cursed +4 flail!
* * * LOW HITPOINT WARNING * * *
Unknown command.
You closely miss the wight.
The wight is severely damaged.
The wight hits you with a cursed +4 flail.
* * * LOW HITPOINT WARNING * * *
You feel drained.
* * * LOW HITPOINT WARNING * * *
The wight hits you with a cursed +4 flail!
You die...

..... . .... ..
# #... #.
.#...# # .
#$###....##..
#...........
##.))...#.#####
#..z@####>#...#
#.#....#.. #..#
##.#... # . .#
##..#.#.# #..
###.#..#.#.
#.##... ...
.###.# ##....#.
.# # #.... ..


You could see a wight.

Vanquished Creatures
  2 wights (Abyss:1)
  A quasit (Abyss:1)
  2 dart slugs (D:1)
  A leopard gecko (D:1)
  4 giant cockroaches (D:1)
  4 goblins (D:1)
  4 hobgoblins (D:1)
  8 jackals (D:1)
  2 kobolds (D:1)
  A bat (D:1)
  2 frilled lizards (D:1)
  2 rats (D:1)
33 creatures vanquished.

Notes
Turn   | Place    | Note
-------+----------+-------------------------------------------
     0 | D:1      | sahdkjhfkaj the Ogre Berserker began the quest for the Orb.
     0 | D:1      | Reached XP level 1. HP: 24/24 MP: 1/1
   218 | D:1      | Reached XP level 2. HP: 28/33 MP: 2/2
   560 | D:1      | Reached XP level 3. HP: 17/41 MP: 3/3
  1053 | D:1      | Reached skill level 5 in Fighting
  1269 | D:1      | Gained mutation: Armour fits poorly on your strangely
                  | shaped body. [mutagenic glow]
  1431 | D:1      | Cast into level 1 of the Abyss (unwielding a weapon of
                  | distortion)
  1463 | Abyss:1  | Found a sacrificial altar of Ru.
  1499 | Abyss:1  | Reached XP level 4. HP: 52/52 MP: 4/4
  1503 | Abyss:1  | Reached skill level 6 in Fighting
  1503 | Abyss:1  | Reached XP level 5. HP: 24/59 MP: 5/5
  1505 | Abyss:1  | Slain by a wight

Illustrated notes

Levels and vault maps discovered:
D:1:      giann_wishing_wells, layout_basic
Abyss:1:  base:
D:1

Skill      XL: |  1  2  3  4 |
---------------+-------------+-----
Fighting       | 5 6 |  6.1
Axes           | 4 |  4.6
Dodging        | |  2.6

Action                   |  1- 3 |  4- 6 || total
-------------------------+-------+-------++-------
Melee: Hand axe          |    60 |     6 ||    66
       Dagger            |    25 |       ||    25
Invok: Berserk           |     1 |       ||     1
Armor: Animal skin       |    31 |       ||    31
Dodge: Dodged            |    55 |     1 ||    56

Table legend: (Time is in decaauts)
 A = Elapsed time spent in this place.
 B = Non-inter-level travel time spent in this place.
 C = Inter-level travel time spent in this place.
 D = Time resting spent in this place.
 E = Time spent auto-exploring this place.
 F = Levels seen in this place.
 G = Mean time per level.
                   A        B        C        D        E       F      G
               +--------+--------+--------+--------+--------+-----+--------+
         Total |   1504 |   1455 |     49 |    173 |   1111 |   2 |  752.0 |
       Dungeon |   1433 |   1384 |     49 |    173 |   1061 |   1 | 1433.0 |
         Abyss |     70 |     70 |      0 |      0 |     50 |   1 |   70.0 |
               +--------+--------+--------+--------+--------+-----+--------+

Top non-repeatable levels by time:
     D:1: 1433 daAuts
 Abyss:1: 70 daAuts
